 Dungeon Crawl Stone Soup version 0.28.0-45-g0d030f2227 (webtiles) character file.

Game seed: 3216570721613865620

474 101zpm the Magician (level 7, -4/45 HPs)
             Began as a Djinni Ice Elementalist on Apr 15, 2022.
             Was an Initiate of Makhleb.
             Slain by a killer bee zombie (5 damage)
             ... on level 3 of the Dungeon.
             The game lasted 00:13:17 (6043 turns).

101zpm the Magician (Djinni Ice Elementalist)       Turns: 6043, Time: 00:13:17

Health: -4/45      AC:  2    Str:  7    XL:     7   Next: 32%
Gold:   235        EV: 13    Int: 24    God:    Makhleb [......] SH:  0 Dex: 14

rFire   + + .      SeeInvis +   n - +9 falchion of Somewhere Else {speed, MP+9}
rCold   x . .      Faith    .   (no shield)
rNeg    . . .      Spirit   .   a - +0 robe
rPois   ∞          Reflect  .   (no helmet)
rElec   .          Harm     .   (no cloak)
rCorr   .          Rampage  .   (no gloves)
Will    .....                   (boots unavailable)
Stlth   ++........              (no amulet)
HPRegen 0.15/turn               d - ring of see invisible
MPRegen 0.00/turn               e - +6 ring of intelligence

@: freezing walls, flying
A: sickness immunity, fire resistance 2, cold vulnerability 1, float, innate
caster, HP casting, extra vitality 1
a: Renounce Religion


You were on level 3 of the Dungeon.
You worshipped Makhleb.
Makhleb was noncommittal.
You visited 2 branches of the dungeon, and saw 6 of its levels.

You collected 235 gold pieces.

Inventory:

Hand Weapons
 n - the +9 falchion of Somewhere Else (weapon) {speed, MP+9}
   (You found it on level 4 of the Dungeon)

   Attacks with this weapon are significantly faster.
   MP:        It affects your magic capacity (+9).
Missiles
 b - 12 poisoned darts (quivered)
 l - 188 stones
Armour
 a - a +0 robe (worn)
Magical Staves
 o - a staff of air
Jewellery
 d - a ring of see invisible (left hand)
 e - a +6 ring of intelligence (right hand)
Scrolls
 c - 2 scrolls of amnesia
 f - a scroll of magic mapping {unknown}
 g - 2 scrolls of summoning
 i - a scroll of identify
Potions
 h - a potion of invisibility {unknown}
 j - a potion of magic {unknown}
 k - a potion of flight
 m - a potion of lignification {unknown}


   Skills:
 + Level 0.3 Fighting
 + Level 1.0 Throwing
 + Level 2.9 Dodging
 + Level 2.3 Stealth
 + Level 5.9 Spellcasting


You couldn't memorise any spells.
You knew the following spells:

 Your Spells              Type           Power      Damage    Failure   Level
a - Freeze                Ice            100%       1d11      1%          1
b - Frozen Ramparts       Ice            70%        1d9       1%          3
c - Ozocubu's Armour      Ice            35%        N/A       1%          3
d - Hailstorm             Conj/Ice       35%        3d9       7%          4
e - Shock                 Conj/Air       100%       1d9       1%          1
f - Blink                 Tloc           70%        N/A       1%          2
g - Summon Guardian Gole  Hex/Summ       35%        N/A       1%          3
Your spell library was empty.

Dungeon Overview and Level Annotations

Branches:
Dungeon (5/15)             Temple (1/1) D:4

Altars:
Ashenzari
Cheibriados
Dithmenos
Elyvilon
Fedhas
Gozag
Hepliaklqana
Kikubaaqudgha
Makhleb
Nemelex Xobeh
Okawaru
Qazlal
Ru
Sif Muna
Trog
Uskayaw
Vehumet
Wu Jian
Xom
Yredelemnul
The Shining One
Beogh

Annotations:
D:3 2 transporters, 101zpm's ghost, amateur DjIE; Grinder


Innate Abilities, Weirdness & Mutations

You are immune to sickness and miasma.
You are immune to poison.
Your flesh is very heat resistant. (rF++)
You are vulnerable to cold. (rC-)
You float through the air rather than walking.
You learn spells naturally, not from books.
Your magical power is your life essence.
You have superior vitality. (+4 MHP)


Message History

Attack!
The wall freezes the killer bee zombie but does no damage.
The killer bee zombie closely misses you.
The killer bee zombie completely resists.
The wall freezes the killer bee zombie but does no damage.
The killer bee zombie hits you.
The killer bee zombie resists.
The wall freezes the killer bee zombie.
The killer bee zombie hits you.
* * * LOW HITPOINT WARNING * * *
The killer bee zombie completely resists.
The wall freezes the killer bee zombie but does no damage.
The killer bee zombie hits you but does no damage.
The killer bee zombie completely resists.
The wall freezes the killer bee zombie but does no damage.
The killer bee zombie hits you.
* * * LOW HITPOINT WARNING * * *
The wall freezes the killer bee zombie but does no damage.
The killer bee zombie hits you.
* * * LOW HITPOINT WARNING * * *
Casting: Summon Guardian Golem (safe; 1% risk of failure)
Confirm with . or Enter, or press ? or * to list all spells.
Aiming: Freeze (safe; 1% risk of failure)
Press: ? - help, Shift-Dir - straight line, f/p - killer bee zombie
Aim: a killer bee zombie (severely damaged, ally target)
You freeze the killer bee zombie.
The killer bee zombie resists.
The killer bee zombie is severely damaged.
* * * LOW HITPOINT WARNING * * *
The killer bee zombie completely resists.
The wall freezes the killer bee zombie but does no damage.
The killer bee zombie hits you.
* * * LOW HITPOINT WARNING * * *
It was a potion of flight.
You feel more buoyant.
The killer bee zombie completely resists.
The wall freezes the killer bee zombie but does no damage.
The killer bee zombie barely misses you.
The killer bee zombie completely resists.
The wall freezes the killer bee zombie but does no damage.
The killer bee zombie hits you.
You die...

..†### #.
###..###########.....
.....#
#.##...###(.............
...†.#
#....####.<########.....
###..# ##....###..##
###..#### .Z#..#
#......#.[#######...##
.W#..#
#.#.......#.......###
ZW#..#
#.#....#....#######
.Z#..# #......#...##
.Z#..####..####Z@#.#
.W#©..>..).# #9##.###
..#......##.....##...#
..#...####..########.#
..#...# ...## #.#
..#..###.# #.##
..#..#... #..####
###..#.# ##....####
....÷..# ####....#####


You could see a killer bee zombie (ally target) and a friendly guardian golem
(summoned).

Vanquished Creatures
  A water moccasin (D:4)
  3 orc priests (D:4)
  A centaur skeleton (D:4)
  3 iguanas
  An orc wizard (D:4)
  A gnoll (D:1)
  A howler monkey skeleton (D:4)
  3 adders
  A worm (D:3)
  A dart slug (D:4)
  8 orcs
  7 bats
  3 endoplasms
  3 giant cockroaches
  10 goblins
  10 hobgoblins
  7 jackals (D:1)
  4 quokkas
  4 ball pythons
  3 frilled lizards
  8 kobolds
  3 rats
86 creatures vanquished.

Notes
Turn   | Place    | Note
-------+----------+-------------------------------------------
     0 | D:1      | 101zpm the Djinni Ice Elementalist began the quest for the
                  | Orb.
     0 | D:1      | Reached XP level 1. HP: 15/15 MP: 0/0
   196 | D:1      | Reached XP level 2. HP: 10/21 MP: 0/0
   655 | D:1      | Found a faded altar of an unknown god.
   727 | D:1      | Reached XP level 3. HP: 22/25 MP: 0/0
   727 | D:1      | Learned a level 1 spell: Shock
  1262 | D:1      | Reached skill level 4 in Spellcasting
  1647 | D:2      | Reached XP level 4. HP: 28/31 MP: 0/0
  3127 | D:3      | Found a transporter.
  3129 | D:3      | Noticed 101zpm's ghost (amateur DjIE)
  3132 | D:3      | Noticed a phantom
  3161 | D:3      | Reached XP level 5. HP: 29/35 MP: 0/0
  3161 | D:3      | Learned a level 2 spell: Blink
  3271 | D:3      | Found a transporter.
  3565 | D:3      | Noticed Grinder
  4013 | D:4      | Noticed a water moccasin
  4028 | D:4      | Killed a water moccasin
  4029 | D:4      | Reached skill level 5 in Spellcasting
  4029 | D:4      | Reached XP level 6. HP: 30/40 MP: 0/0
  4542 | D:4      | Found a staircase to the Ecumenical Temple.
  4830 | D:4      | Reached XP level 7. HP: 38/45 MP: 0/0
  4830 | D:4      | Learned a level 3 spell: Summon Guardian Golem
  5063 | D:4      | Identified the +9 falchion of Somewhere Else {speed, MP+9}
  5129 | Temple   | Entered the Ecumenical Temple
  5825 | Temple   | Became a worshipper of Makhleb the Destroyer
  5851 | D:5      | Entered Level 5 of the Dungeon
  5861 | D:5      | Reached skill level 1 in Throwing
  6042 | D:3      | HP: 1/45 [killer bee zombie (5)]
  6043 | D:3      | Slain by a killer bee zombie

Illustrated notes

Levels and vault maps discovered:
D:1:      ncdulo_watergridlock, layout_basic,
          shapermc_ecumenical_altar_mp_highgroup, minivault_25,
          nicolae_concentric_dashed_squares_mild,
          chequers_serial_rivers_micro_b, minmay_pentomino_z2
D:2:      layout_basic, guppyfry_early_orc_mine
D:3:      layout_rooms, gammafunk_ghost_mausoleum, uniq_grinder
D:4:      layout_loops_ring, minmay_temple_entry_crystal_x,
          kennysheep_orc_chapel
D:5:      layout_loops_ring, gammafunk_ghost_split, minivault_27, uniq_pikel
Temple:   nicolae_temple_the_god_donut

Skill      XL: |  1  2  3  4  5  6  7 |
---------------+----------------------+-----
Spellcasting   | 4 5 |  5.9
Stealth        | 2 |  2.3
Throwing       | 1 |  1.0
Fighting       | |  0.3
Dodging        | |  2.9

Action                   |  1- 3 |  4- 6 |  7- 9 || total
-------------------------+-------+-------+-------++-------
Melee: Unarmed           |     1 |     1 |       ||     2
Throw: Dart              |       |     8 |     2 ||    10
       Throwing net      |       |     1 |       ||     1
 Cast: Freeze            |    24 |     1 |     6 ||    31
       Shock             |    28 |   104 |    18 ||   150
       Frozen Ramparts   |       |     9 |     1 ||    10
       Ozocubu's Armour  |       |     3 |       ||     3
       Summon Guardian G |       |       |     2 ||     2
  Use: Scroll            |       |       |     2 ||     2
       Potion            |       |       |     1 ||     1
Armor: Robe              |     3 |     3 |     3 ||     9
       Skin              |       |     3 |       ||     3
Dodge: Dodged            |    11 |    18 |    12 ||    41
